 Dungeon Crawl Stone Soup version 0.30-a0-39-g42789b21ef (webtiles) character file.

Game seed: 6496353626258346939

1345 Murumi the Blocker (level 8, -2/62 HPs)
             Began as a Formicid Fighter on Aug 29, 2022.
             Was a Follower of Okawaru.
             Blown up by Ijyb (4 damage)
             ... with a mindburst bolt
             ... on level 5 of the Dungeon.
             The game lasted 00:18:57 (6576 turns).

Murumi the Blocker (Formicid Fighter)               Turns: 6576, Time: 00:18:58

Health: -2/62      AC: 11    Str: 21    XL:     8   Next: 94%
Magic:  10/10      EV:  8    Int: 10    God:    Okawaru [*.....]
Gold:   262        SH:  7    Dex: 13    Spells: 7/7 levels left

rFire   . . .      SeeInvis +    a - +1 flail
rCold   . . .      Faith    .    c - +1 buckler
rNeg    . . .      Spirit   .    k - +0 chain mail
rPois   .          Reflect  .    (helmet unavailable)
rElec   .          Harm     .    (no cloak)
rCorr   .          Rampage  .    (no gloves)
Will    .....                    e - +0 pair of boots
Stlth   ..........               (no amulet)
HPRegen 0.20/turn                (no ring)
MPRegen 0.12/turn                (no ring)

@: no status effects
A: permanent stasis, dig shafts and tunnels, antennae 3, four strong arms
a: Dig, Shaft Self, Renounce Religion, Heroism


You were on level 5 of the Dungeon.
You worshipped Okawaru.
Okawaru was aware of your devotion.
You visited 1 branch of the dungeon, and saw 5 of its levels.

You collected 262 gold pieces.

Inventory:

Hand Weapons
 a - a +1 flail (weapon)
 g - a +0 whip
 n - a +0 giant spiked club
Missiles
 f - 79 stones
 j - 2 boomerangs
 m - 4 poisoned darts (quivered)
 o - a throwing net
Armour
 c - a +1 buckler (worn)
 e - a +0 pair of boots (worn)
 k - a +0 chain mail (worn)
Scrolls
 b - a scroll of enchant weapon
 p - a scroll of identify
Potions
 d - 3 potions of curing
 h - a potion of magic
 i - 2 potions of heal wounds
 l - a potion of flight


   Skills:
 - Level 5.0 Fighting
 - Level 4.0 Maces & Flails
 - Level 4.0 Throwing
 - Level 5.0 Armour
 - Level 2.0 Dodging
 + Level 3.6 Stealth
 - Level 8.0 Shields
 - Level 3.0 Invocations


You had 7 spell levels left.
You didn't know any spells.
Your spell library contained the following spells:

 Spells                   Type           Power      Damage    Failure   Level
 Magic Dart               Conj           0%         1d3       98%         1
 Mephitic Cloud           Conj/Pois/Air  0%         N/A       100%        3
 Blade Hands              Tmut           0%         N/A       100%        5
 Iron Shot                Conj/Erth      0%         9d1       100%        6
 Call Imp                 Summ           Unusable   N/A       N/A         2
 Animate Armour           Summ/Erth      Unusable   N/A       N/A         4

Dungeon Overview and Level Annotations

Branches:
Dungeon (5/15)
 Temple: D:4-7

Altars:
Kikubaaqudgha
Okawaru
Trog
Vehumet
Wu Jian

Shops:
D:2 =:

Annotations:
D:5 Ijyb


Innate Abilities, Weirdness & Mutations

You cannot be hasted, slowed, berserked, paralysed or teleported.
You can dig through walls and to a lower floor.
You have a pair of large antennae on your head. (SInv)
Your four strong arms can wield two-handed weapons with a shield.


Message History

Ijyb barely misses you.
You closely miss Ijyb.
Ijyb is heavily wounded.
Ijyb zaps a wand.
Your mind is blasted!
* * * LOW HITPOINT WARNING * * *
You feel much better. Ijyb closely misses you.
You sock Ijyb!
Ijyb is severely wounded.
Ijyb hits you with a +0 whip.
You hit Ijyb but do no damage.
Ijyb is severely wounded.
Ijyb hits you but does no damage. Ijyb hits you with a +0 whip.
You closely miss Ijyb.
Ijyb is severely wounded.
Ijyb barely misses you.
You hit Ijyb.
Ijyb is severely wounded.
You block Ijyb's attack.
You hit Ijyb.
Ijyb is almost dead.
Ijyb hits you but does no damage.
You hit Ijyb.
Ijyb is almost dead.
Ijyb hits you but does no damage.
You hit Ijyb but do no damage.
Ijyb is almost dead.
Ijyb hits you but does no damage. Ijyb hits you with a +0 whip.
* * * LOW HITPOINT WARNING * * *
You closely miss Ijyb.
Ijyb is almost dead.
Ijyb hits you but does no damage.
You hit Ijyb.
Ijyb is almost dead.
Ijyb barely misses you.
You barely miss Ijyb.
Ijyb is almost dead.
Ijyb zaps a wand.
Your mind is blasted!
* * * LOW HITPOINT WARNING * * *
Ijyb zaps a wand.
Your mind is blasted!
You die...

#..... #.... ############ ...
.......... .##.# ### ....#.# .
...)####........###....#...#
....<....................#
#..##...######..###.##...##..####
#.. ##..# ##...# #.#......# #..
.# # ##@.### ........# #.. .#
#.#g..## >.......# ...
###.)....## #.......# ..#
#........### #.......#
............###.......#
...........#†..........#
##........######..#.####
.........# #.....# ..#.......
#.##..###


You could see Ijyb.

Vanquished Creatures
  Duvessa (D:5)
  A water moccasin (D:5)
  A black bear (D:4)
  2 ogres
  A centaur (D:5)
  A phantom (D:2)
  A scorpion (D:5)
  Dowan (D:5)
  2 hounds
  A jelly (D:5)
  An orc priest (D:4)
  A gnoll bouda (D:5)
  An iguana (D:4)
  Natasha (thrice) (D:3)
  An orc wizard (D:4)
  Robin (D:2)
  15 gnolls
  4 adders
  An ufetubus (D:5)
  A worm (D:3)
  3 dart slugs
  13 orcs
  9 ball pythons
  11 endoplasms
  7 giant cockroaches
  11 hobgoblins
  3 jackals (D:3)
  11 kobolds
  4 quokkas
  7 bats
  7 frilled lizards
  12 goblins
  4 rats
143 creatures vanquished.

Vanquished Creatures (others)
  9 plants
9 creatures vanquished.

Grand Total: 152 creatures vanquished

Notes
Turn   | Place    | Note
-------+----------+-------------------------------------------
     0 | D:1      | Murumi the Formicid Fighter began the quest for the Orb.
     0 | D:1      | Reached XP level 1. HP: 18/18 MP: 1/1
    28 | D:1      | Reached XP level 2. HP: 8/25 MP: 2/2
   569 | D:1      | Reached XP level 3. HP: 28/30 MP: 3/3
   892 | D:2      | Found Ysaf's Jewellery Shop.
  1098 | D:2      | Reached skill level 1 in Throwing
  1101 | D:2      | Found an ornate altar of the Wu Jian Council.
  1160 | D:2      | Noticed Robin
  1189 | D:2      | Reached XP level 4. HP: 3/37 MP: 4/4
  1195 | D:2      | Killed Robin
  1481 | D:2      | Reached skill level 1 in Stealth
  1526 | D:2      | Noticed a phantom
  1540 | D:2      | Killed a phantom
  1541 | D:2      | Reached skill level 1 in Dodging
  1541 | D:2      | Reached XP level 5. HP: 41/42 MP: 5/5
  1933 | D:2      | Reached XP level 6. HP: 22/48 MP: 6/6
  2188 | D:2      | Found a faded altar of an unknown god.
  2222 | D:2      | Found Zuast's Book Boutique.
  3378 | D:3      | Found an ancient bone altar of Kikubaaqudgha.
  3422 | D:3      | Reached skill level 5 in Shields
  3809 | D:4      | Noticed Duvessa
  3809 | D:4      | Noticed Dowan
  3824 | D:5      | Entered Level 5 of the Dungeon
  3978 | D:5      | Noticed a water moccasin
  3997 | D:5      | Killed a water moccasin
  3998 | D:5      | Reached skill level 6 in Shields
  3998 | D:5      | Reached XP level 7. HP: 22/54 MP: 7/7
  4212 | D:5      | Killed Duvessa
  4222 | D:5      | Killed Dowan
  4509 | D:4      | Noticed Natasha
  4596 | D:3      | Killed Natasha
  4640 | D:3      | Noticed Natasha
  4653 | D:3      | Killed Natasha
  4654 | D:3      | Reached skill level 5 in Fighting
  4654 | D:3      | Reached XP level 8. HP: 43/62 MP: 8/8
  4930 | D:3      | Noticed Natasha
  4936 | D:3      | Killed Natasha
  5024 | D:4      | Found a radiant altar of Vehumet.
  5199 | D:4      | Found a bloodstained altar of Trog.
  5221 | D:4      | Reached skill level 5 in Armour
  5388 | D:4      | Found an iron altar of Okawaru.
  5396 | D:4      | Became a worshipper of Warmaster Okawaru
  5534 | D:4      | Reached skill level 7 in Shields
  5619 | D:4      | Reached skill level 1 in Invocations
  6162 | D:5      | Reached skill level 8 in Shields
  6246 | D:5      | Reached * piety under Okawaru
  6555 | D:5      | Noticed Ijyb
  6565 | D:5      | HP: 3/62 [disintegration (9)]
  6576 | D:5      | HP: 2/62 [disintegration (16)]
  6576 | D:5      | Blown up by Ijyb

Illustrated notes

Levels and vault maps discovered:
D:1:      spicycebolla_green_bress_n_ham, layout_basic
D:2:      layout_basic, serial_shops, nicolae_shop_trees, nicolae_shop_crystal,
          basic_altar, shapermc_ecumenical_altar_mp_vishouse,
          chequers_mini_garden, lexackson_kobold_supper, uniq_robin
D:3:      layout_rooms, mainiacjoe_overflow_24_doors,
          chequers_serial_rivers_large_a, guppyfry_early_lair_pool
D:4:      layout_loops_ring, grunt_temple_overflow_bloody_war, vehumet_crystals,
          uniq_duvessa, uniq_natasha
D:5:      layout_rooms, mainiacjoe_overflow_brackets,
          mainiacjoe_overflow_catwalk, uniq_ijyb

Skill      XL: |  1  2  3  4  5  6  7  8 |
---------------+-------------------------+-----
Fighting       | 4 5 |  5.0
Armour         | 4 5 |  5.0
Throwing       | 1 2 3 4 |  4.0
Stealth        | 2 3 |  3.6
Dodging        | 1 2 |  2.0
Maces & Flails | 3 4 |  4.0
Shields        | 6 8 |  8.0
Invocations    | 3 |  3.0

Action                   |  1- 3 |  4- 6 |  7- 9 || total
-------------------------+-------+-------+-------++-------
Melee: Flail             |   109 |   191 |   236 ||   536
Throw: Boomerang         |       |     1 |     8 ||     9
       Dart              |       |       |     4 ||     4
       Stone             |       |       |     1 ||     1
 Abil: Dig               |       |     1 |       ||     1
  Use: Scroll            |     3 |     7 |     2 ||    12
       Potion            |     1 |     2 |     2 ||     5
Armor: Scale mail        |    50 |    56 |       ||   106
       Chain mail        |       |    23 |   111 ||   134
Dodge: Dodged            |    48 |    63 |    60 ||   171
Block: Buckler           |    34 |    53 |    97 ||   184

Table legend: (Time is in decaauts)
 A = Elapsed time spent in this place.
 B = Non-inter-level travel time spent in this place.
 C = Inter-level travel time spent in this place.
 D = Time resting spent in this place.
 E = Time spent auto-exploring this place.
 F = Levels seen in this place.
 G = Mean time per level.
                   A        B        C        D        E       F      G
               +--------+--------+--------+--------+--------+-----+--------+
         Total |   6738 |   6339 |    399 |    855 |   4227 |   5 | 1347.6 |
       Dungeon |   6738 |   6339 |    399 |    855 |   4227 |   5 | 1347.6 |
               +--------+--------+--------+--------+--------+-----+--------+

Top non-repeatable levels by time:
     D:2: 1907 daAuts
     D:3: 1580 daAuts
     D:5: 1200 daAuts
     D:4: 1145 daAuts
     D:1: 903 daAuts
